 Dungeon Crawl Stone Soup version 0.31-a0-819-gf6de2f5ab6 (webtiles) character file.

Game seed: 4551571162489501329

11 demibob the Poker (level 2, -1/24 HPs)
             Began as a Merfolk Chaos Knight on Sept 24, 2023.
             Was a Plaything of Xom.
             Slain by a spark wasp (glowing shapeshifter) (11 damage)
             ... on level 1 of the Dungeon.
             The game lasted 00:00:57 (287 turns).

demibob the Poker (Merfolk Chaos Knight)             Turns: 287, Time: 00:00:59

Health: -1/24      AC:  5    Str: 12    XL:     2   Next: 25%
Magic:  2/2        EV: 12    Int: 11    God:    Xom [..*...]
Gold:   8          SH:  0    Dex: 13    Spells: 1/1 levels left

rFire   . . .        a - +0 spear (chaos)
rCold   . . .        (no shield)
rNeg    . . .        b - +2 leather armour
rPois   .            (no helmet)
rElec   .            (no cloak)
rCorr   .            (no gloves)
SInv    .            (no boots)
Will    .....        (no amulet)
Stlth   +            (no ring)
HPRegen 0.24/turn    (no ring)
MPRegen 0.08/turn

%: no passive effects
@: hasted, very quick
A: (nimble swimmer 2), mertail
a: Renounce Religion


You were on level 1 of the Dungeon.
You worshipped Xom.
You were a toy of Xom.
You visited 1 branch of the dungeon, and saw 1 of its levels.

You collected 8 gold pieces.


Innate Abilities, Weirdness & Mutations

((You are very nimble when in or above water. (Stealth+, EV+, Speed+++)))
Your lower body shifts to a powerful aquatic tail in water.


   Skills:
 - Level 3.2 Fighting
 + Level 4.9 Polearms
 - Level 0.6 Armour
 - Level 2.6 Dodging


You had one spell level left.
You didn't know any spells.
Your spell library was empty.

Inventory:

Hand Weapons
 a - a +0 spear of chaos (weapon)
Armour
 b - a +2 leather armour (worn)
Potions
 f - a potion of degeneration {unknown}

Dungeon Overview and Level Annotations

Branches:
Dungeon (1/15)

Altars:

Shops:
D:1

[ ............. #. ∩.
..#.##.##.#.# .. . ..#..#.##.#.#
.▒▒. ▒b#..#......# .>.
▒b#.........# #.# #.#..b.......
#######g####b#..§§§§§...
.....b.bb.b.bb...§§§####
#...y@bb##.######§# #.bb.b..##b#
#§# ### #.b.bbb.##b# #.# ..#
#...b.b.##.. ... #.#
#####b###### ### #.# #.# .
#.#######.################ #.
#.#........†.......[......
#.#####.......#.################


You could see a spark wasp shaped shifter (ally target) and a hobgoblin.


Message History

The hobgoblin barely misses your butterfly.
The spark wasp stings your butterfly.
Your butterfly dies!
Your butterfly disappears in a burst of colours!
The hobgoblin barely misses your butterfly.
Found Ycusoplo's Antique Armour Boutique.
The spark wasp bursts into living lightning!
The living lightning hits your butterfly!!
Your butterfly dies!
Your butterfly disappears in a burst of colours!
The living lightning misses your butterfly.
The living lightning hits your butterfly!
Your butterfly dies!
Your butterfly disappears in a burst of colours!
The living lightning hits your butterfly!
Your butterfly dies!
Your butterfly disappears in a burst of colours!
The living lightning hits you!!
Ouch! That really hurt!
You die... "That's my toy, go get your own!"
Xom revives you!
The spark wasp blinks!
The hobgoblin misses your butterfly.
Unknown command.
Unknown command.
Unknown command.
You aren't carrying any scrolls.
It was a potion of curing.
You feel better. The spark wasp stings you!
You die...
Xom laughs nastily!

Action                     || total
---------------------------++-------
  Melee: Spear             ||    31
    Use: Potion            ||     2
         Scroll            ||     1
 Armour: Leather armour    ||    12
  Dodge: Dodged            ||    10

Levels and vault maps discovered:
D:1:      amcnicky_arrival_choice, layout_basic, serial_aquarium,
          aquarium_bridge_square [aquarium_subvault_bridge,
          aquarium_subvault_bridge, aquarium_subvault_bridge,
          aquarium_subvault_wall], aquarium_window_fake, aquarium_window_fake,
          aquarium_window_1, aquarium_window_corner, aquarium_view_2d,
          aquarium_balcony_3a, aquarium_pool_2, serial_shops,
          nicolae_square_shop

Notes
Turn   | Place    | Note
-------+----------+-------------------------------------------
     0 | D:1      | demibob the Merfolk Chaos Knight began the quest for the
                  | Orb.
     0 | D:1      | Reached XP level 1. HP: 18/18 MP: 1/1
   174 | D:1      | Reached XP level 2. HP: 24/24 MP: 2/2
   242 | D:1      | XOM: noise
   255 | D:1      | a gnoll changed into a glowing shapeshifter
   255 | D:1      | Noticed a glowing shapeshifter (glowing shapeshifter)
   255 | D:1      | a glowing shapeshifter changed into a slime creature
   255 | D:1      | Noticed a slime creature (glowing shapeshifter)
   257 | D:1      | XOM: butterfly on damage
   262 | D:1      | a slime creature changed into a shining eye
   262 | D:1      | Noticed a shining eye (glowing shapeshifter)
   271 | D:1      | XOM: noise
   272 | D:1      | Noticed an anaconda
   273 | D:1      | XOM: fog
   281 | D:1      | an anaconda changed into an ice dragon
   281 | D:1      | Noticed an ice dragon (glowing shapeshifter)
   283 | D:1      | an ice dragon changed into a spark wasp
   283 | D:1      | Noticed a spark wasp (glowing shapeshifter)
   286 | D:1      | Found Ycusoplo's Antique Armour Boutique.
   286 | D:1      | Xom revived you
   287 | D:1      | Slain by a spark wasp (glowing shapeshifter)

Vanquished Creatures
  A bat (D:1)
  An endoplasm (D:1)
  2 hobgoblins (D:1)
  3 kobolds (D:1)
  A frilled lizard (D:1)
  A goblin (D:1)
9 creatures vanquished.

Table legend: (Time is in decaauts)
 A = Elapsed time spent in this place.
 B = Non-inter-level travel time spent in this place.
 C = Inter-level travel time spent in this place.
 D = Time resting spent in this place.
 E = Time spent auto-exploring this place.
 F = Levels seen in this place.
 G = Mean time per level.
                   A        B        C        D        E       F      G
               +--------+--------+--------+--------+--------+-----+--------+
         Total |    281 |    281 |      0 |      0 |    198 |   1 |  281.0 |
       Dungeon |    281 |    281 |      0 |      0 |    198 |   1 |  281.0 |
               +--------+--------+--------+--------+--------+-----+--------+

Top non-repeatable levels by time:
     D:1: 281 daAuts

Table legend:
 A = Non-vault XP
 B = Vault XP
 C = Vault XP percentage of total XP
 D = Non-vault monster count
 E = Vault monster count
 F = Vault count percentage of total count
                 A         B        C        D         E       F
            +---------+---------+-------+---------+---------+-------
      Total |      16 |       0 |   0.0 |       9 |       0 |   0.0
            +---------+---------+-------+---------+---------+-------
        D:1 |      16 |       0 |   0.0 |       9 |       0 |   0.0
            +---------+---------+-------+---------+---------+-------
